tertium, neutral male human Tourist ########## ----# --------- ..|# +<......| ---- -.|# |.......| |.. |.-)## -----.--- |.. |.|# # |.. |.|# ### |.. | |.|######## # | -|---.| |.|# -|-.- -|--@.G.G-+-- |.|# #-..%| |....h@@Y....f- |.|# ###|...| - ---.---- -- |.|######-..>| |.+ |.| ----- |.| |.| |.---- +.| | - ------..{.---------+------.| |..............................| -------------------------------- tertium the Excursionist Experience level: 6 Strength: 11 Dexterity: 14 Constitution: 15 Intelligence: 14 Wisdom: 7 Charisma: 14 Health: 9(41) Energy: 22(22) AC: 3 Gold: 0 Moves: 3490 Your Inventory: Weapons b - 22 +2 darts (in quiver) m - 2 [uncursed +0] daggers Armor c - an [uncursed] +2 hard hat [dwarvish iron helm] (being worn) i - an [uncursed] +0 pair of hard shoes [iron] (being worn) n - an [uncursed +1] pair of hard shoes [iron] o - an [uncursed +0] pair of hard shoes [iron] A - an [uncursed] +0 oilskin cloak (being worn) Comestibles d - 5 uncursed food rations f - 2 uncursed melons g - an uncursed carrot t - an uncursed partly eaten food ration G - an [uncursed] eucalyptus leaf Potions x - an uncursed potion of extra healing Tools e - an [uncursed +0] pick-axe h - an [uncursed] bag called sack [sack] k - an expensive camera (0:82) l - an [uncursed oil] lamp called oil (0:137) r - an [uncursed magic] flute [0:6] s - an uncursed credit card z - an [uncursed] towel L - 2 [uncursed wax] candles W - 2 [uncursed tallow] candles Gems q - an [uncursed] stone called luckstone [luckstone] I - an [uncursed] stone called touchstone [touchstone] Contents of the sack: 984 gold pieces an uncursed +0 Hawaiian shirt an [uncursed] scroll called FOO 100 [of stinking cloud] an [uncursed] scroll called HA 100 [of food detection] an [uncursed] scroll called RE 80 [of enchant weapon] 4 uncursed scrolls of magic mapping a [cursed] golden potion [of sleeping] an [uncursed] black onyx ring [of shock resistance] an [uncursed] brass ring [of protection from shape changers] an [uncursed] gem called good [citrine] 2 [uncursed] gems called good [fluorite] an [uncursed] gem called good [jasper] 2 [uncursed] gems called good [diamond] Spells known in the end: Name Level Category Fail Memory Your skills at the end: Fighting Skills Weapon Skills dart [Basic / Expert] Spellcasting Skills Final Attributes: You were piously aligned. Hunger level was 317. Your alignment was 26 / 27. Monster difficulty range was 1 - 6. Level difficulty was 7. You were telepathic. You were lucky (3). You had extra luck. Bad luck did not time out for you. Good luck did not time out for you. You survived after being killed once. Vanquished creatures: a human zombie an enormous rat a shrieker 5 gnome lords 2 gnomish wizards a red naga hatchling a giant ant a floating eye a kitten 5 dwarves 2 rothes a giant bat a monkey 7 orc zombies 3 iguanas an acid blob a hobbit a large kobold a green mold a red mold 23 gnomes 7 jackals a fox a bat 2 lichens a kobold zombie 9 newts 82 creatures vanquished. Voluntary challenges: You were illiterate. You used a wielded weapon 29 times. You put on armor 9 times. You never genocided any monsters. You never polymorphed an object. You never changed form. You used no wishes. You abstained from Elbereth's help. You never encountered a bones level. You never used any Sokoban shortcuts. Dungeon overview: The Dungeons of Doom: levels 1 to 5 Level 1 a fountain, a sink a long staircase Level 2 a general store Level 3 a general store, a fountain Level 4 stairs to The Gnomish Mines The Gnomish Mines: levels 5 to 8 Level 5 stairs to The Dungeons of Doom Level 7 <- You were here some fountains History has recorded: On T:1 you entered the Dungeons of Doom to retrieve the Amulet of Yendor! On T:391 you reached level 2 of The Dungeons of Doom. On T:575 you were saved from death by your amulet of life saving! On T:911 you reached level 3 of The Dungeons of Doom. On T:1026 you advanced to experience level 2. On T:1152 you advanced to experience level 3. On T:1170 you reached level 4 of The Dungeons of Doom. On T:1474 you reached level 1 of The Gnomish Mines. On T:1523 you reached level 5 of The Dungeons of Doom. On T:1843 you advanced to experience level 4. On T:2097 you advanced to experience level 5. On T:2472 you reached level 2 of The Gnomish Mines. On T:2999 you advanced to experience level 6. On T:3178 you reached level 3 of The Gnomish Mines. On T:3213 you reached level 4 of The Gnomish Mines. Latest messages: The dart hits it. You see an angry guard approaching! The watchman wields a dagger! The watchman hurls a potion of blindness! The phial crashes on your head and breaks into shards. It suddenly gets dark. You can see again. [HP-2=35] The dart hits it. The gnome hits! The dwarf throws a dagger! The dagger misses it. It misses. The watchman hits! The watchman wields a short sword! You hear a slow drip. [HP-13=22] The dart hits it. The monkey hits! The monkey stole a runed dagger. The monkey tries to run away with your runed dagger. The watchman hits! (2x) [HP-13=9] Final status: Aloha tertium the Tourist... You quit in The Gnomish Mines on dungeon level 7 with 871 points, and 984 pieces of gold, after 3490 moves. You were level 6 with a maximum of 41 hit points when you quit.